 BcadrenCrawl: Boulder Brew version 0.04.2-20-g1dbc4a6302 (webtiles) character file.

Game seed: 2477174904302949886, levelgen mode: deterministic

5212 st0uf the Grappler (level 10, -3/73 HPs) Black Draconian Demonspawn. Began on May 24, 2021. Was a Follower of Bahamut & Tiamat. Killed from afar by an electric eel (7 damage) ... with a bolt of electricity ... on level 5 of the Dungeon. The game lasted 00:25:49 (4161 turns).

st0uf the Grappler (Black Draconian Demonspawn)     Turns: 4161, Time: 00:25:50

Health: -3/73      AC: 10    Str: 19    XL:     10 ^: 3526
Magic:  0/17       EV: 14    Int: 12    God:    Bahamut & Tiamat [1* [44]]
Gold:   310        SH:  0    Dex: 12    Spells: 18/19 levels left

rFire    . . .     Vision   .     - Unarmed
rCold    . . .     Gourm    .     - Unarmed
rNeg     . . .     Faith    .   (armour unavailable)
rPois    .         Spirit   +   (helmet restricted)
rElec    .         Reflect  .   m - scarf {Spirit}
rCorr    .         Harm     .   (no gloves)
MR       .....                  (no boots)
Stlth    ++++++....             (no amulet)
HPRegen  0.34/turn              h - ring of stealth
MPRegen  0.27/turn              (no ring)

@: no status effects
A: no body armour, unfitting armour, horns 2, yellow scales 1, demonic guardian
1, powered by pain 1, cold-blooded, boosted maces & staves aptitude, necromancy
enhancer 1, Stlth+++, AC +8
a: Breathe Negative Energy, Renounce Religion


You were on level 5 of the Dungeon.
You worshipped Bahamut & Tiamat.
Bahamut & Tiamat was aware of your devotion.
You were not hungry.

You visited 2 branches of the dungeon, and saw 6 of its levels.

You collected 310 gold pieces.

Inventory:

Armour
 m - a scarf of spirit shield (worn)
Jewellery
 h - a ring of stealth (left hand)
 j - an uncursed ring of strength
 k - an uncursed ring of poison resistance
 p - an uncursed ring of positive energy
 q - an uncursed ring of fire
 t - an uncursed ring of magical power
 v - an uncursed ring of strength
Wands
 n - a wand of acid (1)
 o - a wand of flame (4)
Scrolls
 d - 2 scrolls of fog
 e - 3 scrolls of fear
 f - a scroll of teleportation
 g - 2 scrolls of magic mapping
 i - 2 scrolls of enchantment
 s - 2 scrolls of bless item
 y - 3 scrolls of blinking
Potions
 a - a potion of experience
 c - 6 potions of curing
 l - 2 potions of lignification
 r - a potion of haste
 u - a potion of resistance
 x - 2 potions of heal wounds
Comestibles
 b - 13 rations
 w - 10 chunks of flesh


   Skills:
 + Level 2.2 Fighting
 + Level 4.4 Dodging
 - Level 2.0 Stealth
 + Level 11.1 Unarmed Combat
 * Level 5.3 Spellcasting
 - Level 1.5 Fire Magic
 * Level 5.4 Invocations


You had 18 spell levels left.
You knew the following spells:

 Your Spells              Type           Power        Failure   Level  Hunger
a - Flame Tongue          Fire           6 (30)       11%         1    None

Your spell library contained the following spells:

 Spells                   Type           Power        Failure   Level  Hunger
 Blink                    Tloc           N/A          30%         2    ##.....
 Call Imp                 Summ           3 (100)      30%         2    ##.....
 Slow                     Hex            3 (100)      30%         2    ##.....
 Conjure Flame            Fire           6 (100)      30%         3    ###....
 Mephitic Cloud           Pois/Air       3 (100)      52%         3    ###....
 Portal Projectile        Chrm/Tloc      3 (50)       52%         3    ###....
 Muse Oam's Air Blast     Tloc/Air       3 (100)      89%         4    ####...
 Dispersal                Tloc           3 (200)      100%        6    #######
 Controlled Blink         Tloc           3 (100)      100%        7    #######
 Disjunction              Tloc           3 (200)      100%        8    #######


Dungeon Overview and Level Annotations

Branches:
Dungeon (5/8)              Temple (1/1) D:4
   Lair: D:5

Altars:
Bahamut & Tiamat
Elyvilon
Gozag Ym Sagoz
Hepliaklqana
Kikubaaqudgha
Okawaru
Qazlal
Sif Muna
Yredelemnul
The Shining One

Shops:
D:3 *   D:4 [=


Innate Abilities, Weirdness & Mutations

You cannot fit into any form of body armour.
Your shadowy dark scales are resilient. (AC +8)
You can breathe bolts of negative energy.
You have a pair of horns on your head.
You are partially covered in yellow scales. (AC +2)
A weak demonic guardian rushes to your aid.
You sometimes gain a little power by taking damage.
You are cold-blooded and may be slowed by cold attacks.
You are naturally skilled at Maces & Staves (Aptitude +3).
You are in touch with the powers of death.
Your shadowy dark scales make you much more stealthy. (Stealth++)


Message History

The electric eel shoots out a bolt of lightning at you!
The bolt of electricity hits you (8)!
You miss the electric eel. You barely miss the electric eel.
The electric eel shoots out a bolt of lightning at you!
The bolt of electricity hits you (12)!
The electric eel shoots out a bolt of lightning at you!
The bolt of electricity hits you (4).
The electric eel shoots out a bolt of lightning at you!
The bolt of electricity hits you (6).
* * * LOW HITPOINT WARNING * * *
The electric eel shoots out a bolt of lightning at you!
The bolt of electricity hits you (11)!
* * * LOW HITPOINT WARNING * * *
The electric eel shoots out a bolt of lightning at you!
The bolt of electricity hits you (7)!
* * * LOW HITPOINT WARNING * * *
Your iron imp completely misses the electric eel (0).
The electric eel shoots out a bolt of lightning at you!
The bolt of electricity hits you (9)!
You die...

≈≈≈....≈≈≈..#####
≈≈≈≈.♣.♣≈..##...##
≈≈≈;≈.....##.....##
≈≈≈≈;≈≈...#..<.<..# ♣
≈≈≈≈≈≈≈...#.......# ♣♣
≈≈≈≈≈≈≈≈..#...<...# ..♣
.≈≈≈≈≈≈≈..##..†..##....
.%≈≈≈≈≈≈5..##...##.....
...≈≈≈≈;≈.@.#††'#......
....≈≈≈≈≈...†..........
....≈≈≈≈≈†..!..........
..?..........†.....$...
.......................
.....≈≈≈≈≈........P.P..
......≈≈≈≈≈.....P...P.P
....≈≈≈≈≈.......P.P.P
....≈≈≈≈≈...P...P...P


You could see 3 submerged electric eels and a friendly iron imp.

Vanquished Creatures
  A rock worm (D:4)
  A hornet (D:5)
  A hippogriff (D:5)
  A steam dragon (D:4)
  5 yaks
  Eustachio (D:3)
  2 hogs
  A slime creature (D:2)
  Edmund (D:3)
  4 orc warriors (D:4)
  A porcupine (D:3)
  An ice beast (D:4)
  A sky beast (D:4)
  2 ogres
  Ijyb (D:2)
  4 big kobolds (D:2)
  A rock worm zombie (D:4)
  7 bullfrogs
  A howler monkey (D:3)
  An electric eel (D:5)
  2 crimson imps (D:4)
  4 orc priests
  2 hounds
  8 jellies
  7 orc wizards
  3 iguanas (D:3)
  4 worker ants
  4 giant cockroaches
  A bullfrog skeleton (D:4)
  5 adders
  21 sewer rats (D:2)
  4 cinder newts (D:2)
  4 worms
  4 oozes
  6 leopard geckos
  17 orcs
  3 adder skeletons
  2 ball pythons (D:2)
  9 bats
  5 goblins
  2 hobgoblins (D:1)
  12 jackals
  19 kobolds
  A quokka (D:3)
  A bat skeleton (D:2)
  3 rats (D:1)
  A rat skeleton (D:2)
  A butterfly (D:4)
193 creatures vanquished.

Vanquished Creatures (collateral kills)
  An adder (D:2)
  A sewer rat (D:2)
  An ooze (D:3)
  3 orcs (D:4)
  4 kobolds (D:2)
10 creatures vanquished.

Vanquished Creatures (others)
  A shadow imp (D:4)
  A leopard gecko (D:2)
  7 plants (D:5)
  67 withered plants (D:2)
76 creatures vanquished.

Grand Total: 279 creatures vanquished

Notes
Turn   | Place    | Note
-------+----------+-------------------------------------------
     0 | D:1      | st0uf the Immature Draconian Demonspawn began the quest for
                  | the Orb.
     0 | D:1      | Reached XP level 1. HP: 16/16 MP: 3/3
   168 | D:1      | Gained mutation: A weak demonic guardian rushes to your
                  | aid. [demonic ancestry]
   168 | D:1      | Reached XP level 2. HP: 23/23 MP: 4/4
   317 | D:1      | Reached skill level 2 in Unarmed Combat
   317 | D:1      | Gained mutation: You have a pair of small horns on your
                  | head. [demonic ancestry]
   317 | D:1      | Reached XP level 3. HP: 21/28 MP: 5/5
   550 | D:1      | Reached XP level 4. HP: 35/35 MP: 6/6
   875 | D:2      | Noticed a big kobold
   937 | D:2      | Reached skill level 3 in Unarmed Combat
   942 | D:2      | Reached XP level 5. HP: 34/40 MP: 7/7
   998 | D:2      | Found a stormy altar of Qazlal.
  1044 | D:2      | Reached skill level 4 in Unarmed Combat
  1044 | D:2      | Gained mutation: You are partially covered in yellow
                  | scales. (AC +2) [demonic ancestry]
  1044 | D:2      | Reached XP level 6. HP: 41/47 MP: 8/8
  1186 | D:2      | Noticed Ijyb
  1197 | D:2      | Killed Ijyb
  1197 | D:2      | Reached skill level 5 in Unarmed Combat
  1197 | D:2      | Your scales start taking on a shadowy dark colour.
  1197 | D:2      | Reached XP level 7. HP: 52/52 MP: 9/9
  1197 | D:2      | Gained mutation: Your shadowy dark scales make you much
                  | more stealthy. (Stealth++) [Black Draconian growth]
  1197 | D:2      | Gained mutation: You are in touch with the powers of death.
                  | [Black Draconian growth]
  1334 | D:2      | Found a basalt altar of Yredelemnul.
  1433 | D:2      | Found an iron altar of Okawaru.
  1599 | D:2      | Reached skill level 6 in Unarmed Combat
  1656 | D:2      | Found a white marble altar of Elyvilon.
  1826 | D:2      | Reached XP level 8. HP: 55/60 MP: 9/11
  2197 | D:3      | Reached skill level 7 in Unarmed Combat
  2227 | D:3      | Found Othroeleo's General Store.
  2458 | D:3      | Noticed Eustachio
  2521 | D:3      | Killed Eustachio
  2521 | D:3      | Reached skill level 8 in Unarmed Combat
  2920 | D:3      | Noticed Edmund
  2928 | D:3      | Killed Edmund
  3081 | D:4      | Gained mutation: You have a pair of horns on your head.
                  | [demonic ancestry]
  3081 | D:4      | Reached XP level 9. HP: 67/67 MP: 12/14
  3090 | D:4      | Reached skill level 9 in Unarmed Combat
  3126 | D:4      | Found Rummatte's Antique Armour Shoppe.
  3328 | D:4      | Found Jyevowua's Jewellery Shoppe.
  3456 | D:4      | Found a staircase to the Ecumenical Temple.
  3478 | Temple   | Entered the Ecumenical Temple
  3490 | Temple   | Became a worshipper of Bahamut & Tiamat
  3574 | D:4      | Found an ancient bone altar of Kikubaaqudgha.
  3575 | D:4      | Found an opulent altar of Gozag.
  3650 | D:4      | Reached skill level 10 in Unarmed Combat
  3918 | D:5      | Entered Level 5 of the Dungeon
  3928 | D:5      | Noticed a rock worm
  3978 | D:4      | Killed a rock worm
  4045 | D:4      | Reached * piety under Bahamut & Tiamat
  4048 | D:4      | Gained mutation: You are naturally skilled at Maces &
                  | Staves (Aptitude +3). [draconic bloodline]
  4048 | D:4      | Gained mutation: You sometimes gain a little power by
                  | taking damage. [demonic ancestry]
  4048 | D:4      | Reached XP level 10. HP: 69/73 MP: 17/17
  4115 | D:5      | Reached skill level 5 in Spellcasting
  4124 | D:5      | Reached skill level 5 in Invocations
  4140 | D:5      | Reached skill level 11 in Unarmed Combat
  4161 | D:5      | Killed from afar by an electric eel

Levels and vault maps discovered:
D:1:      dpeg_arrival_oval, layout_loops_ring, gup_sewer_entry_spiral
D:2:      layout_sewer, nicolae_qazlal_general_emergency, marbit_many_paths,
          kennysheep_okawaru_gauntlet, elyvilon_niche, uniq_ijyb
D:3:      layout_basic, serial_shops, kennysheep_mini, first_ration,
          grunt_ogre_cave, uniq_edmund, uniq_eustachio
D:4:      layout_loops_ring, gammafunk_temple_overflow_wave,
          minmay_temple_entry_overgrown, serial_shops, nicolae_shop_statue_plus,
          shop
D:5:      kennysheep_town
Temple:   nicolae_temple_elliptical

Skill      XL: |  1  2  3  4  5  6  7  8  9 10 |
---------------+-------------------------------+-----
Dodging        | 3 4 |  4.4
Unarmed Combat | 2 3 4 5 6 8 10 11 | 11.1
Stealth        | 2 |  2.0
Spellcasting   | 2 3 4 5 |  5.3
Fighting       | 2 |  2.2
Invocations    | 4 5 |  5.4
Fire Magic     | |  1.5

Action                   |  1- 3 |  4- 6 |  7- 9 | 10-12 || total
-------------------------+-------+-------+-------+-------++-------
Melee: Unarmed           |    66 |   226 |   341 |    46 ||   679
       Tailslap          |     2 |    15 |    14 |     4 ||    35
       Headbutt          |     2 |    19 |    36 |     4 ||    61
 Cast: Flame Tongue      |       |       |     5 |       ||     5
Invok: Choose Bahamut's  |       |       |     1 |       ||     1
 Abil: Breathe Negative  |       |       |     1 |       ||     1
 Stab: Sleeping          |     1 |     6 |    12 |       ||    19
       Distracted        |       |       |     4 |       ||     4
  Eat: Chunk             |       |     2 |    10 |       ||    12
Armor: Skin              |     5 |    17 |    27 |     5 ||    54
Dodge: Dodged            |    25 |    51 |    90 |    21 ||   187
